 Dungeon Crawl Stone Soup version 0.20-a0-350-ga83eecc (webtiles) character file.

1507 mopl the Quickloader (level 8, -1/73 HPs)
             Began as a Minotaur Hunter on Dec 24, 2016.
             Killed from afar by an orc wizard (8 damage)
             ... with a magic dart
             ... on level 5 of the Dungeon.
             The game lasted 00:11:57 (7161 turns).

mopl the Quickloader (Minotaur Hunter)              Turns: 7161, Time: 00:11:58

Health: -1/73      AC:  3    Str: 16    XL:     8   Next: 53%
Magic:  7/7        EV: 12    Int:  8    God:
Gold:   456        SH:  0    Dex: 14    Spells: 7/7 levels left

rFire  . . .     SeeInvis .     b - +0 hunting sling
rCold  . . .     Gourm    .     c - +0 leather armour
rNeg   . . .     Faith    +     (no shield)
rPois  .         Spirit   .     (helmet restricted)
rElec  .         Reflect  .     (no cloak)
rCorr  +         Harm     .     (no gloves)
MR     .....                    (no boots)
Stlth  ++........               v - amulet of faith {!P}
                                K - ring of resist corrosion
                                s - ring of stealth

@: no status effects
A: retaliatory headbutt, horns 2
a: no special abilities


You were on level 5 of the Dungeon.
You were not hungry.

You visited 1 branch of the dungeon, and saw 5 of its levels.

You collected 456 gold pieces.

Inventory:

Hand Weapons
 a - a +1 hand crossbow
 b - a +0 hunting sling (weapon)
 o - a +0 short sword
 L - a +0 shortbow
Missiles
 d - 40 bolts
 g - 10 poisoned needles
 l - 70 arrows
 m - 211 stones
 n - 138 sling bullets (quivered)
 t - 2 needles of confusion
Armour
 c - a +0 leather armour (worn)
 G - a cursed +0 scale mail
Jewellery
 s - a ring of stealth (left hand)
 v - an amulet of faith (around neck) {!P}
 y - an uncursed amulet of rage
 K - a ring of resist corrosion (right hand)
Wands
 H - a wand of flame (30/48)
Scrolls
 h - 2 scrolls of identify
 j - a scroll of immolation {unknown}
 r - 3 scrolls of remove curse {unknown}
 u - 3 scrolls of amnesia
 w - a scroll of fog {unknown}
 x - a scroll of enchant weapon {unknown}
 z - a scroll of enchant armour {unknown}
 A - a scroll of blinking {unknown}
 B - 3 scrolls of teleportation {unknown}
 D - 2 scrolls of recharging {unknown}
 F - 2 scrolls of magic mapping {unknown}
 I - a scroll of noise {unknown}
Potions
 e - 5 potions of curing
 i - a potion of might
 C - a potion of magic
 J - a potion of haste
Comestibles
 f - 7 bread rations
 k - 3 meat rations
 p - 10 fruits
 q - a beef jerky
 E - a slice of pizza
 M - a chunk of flesh


   Skills:
 + Level 7.2 Fighting
 * Level 10.7 Crossbows
 - Level 2.1 Dodging
 - Level 0.7 Stealth


You had 7 spell levels left.
You didn't know any spells.

Dungeon Overview and Level Annotations

Branches:
Dungeon (5/15)
 Temple: D:4-7

Altars:
Ashenzari
Fedhas
Gozag
Hepliaklqana
Qazlal
Ru


Innate Abilities, Weirdness & Mutations

You reflexively headbutt those who attack you in melee.
You have a pair of horns on your head.


Message History

As you read the scroll labeled MOP YFUNET, it crumbles to dust.
It is a scroll of identify.
J - a potion of haste The orc wizard points at you and mumbles some strange words.
You resist with some effort.
As you read the scroll labeled EVIEDULUSEI, it crumbles to dust.
It is a scroll of amnesia.
You feel forgetful for a moment.
The orc wizard points at you and mumbles some strange words.
The magic dart hits you!
* * * LOW HITPOINT WARNING * * *
The orc barely misses you. The orc closely misses you.
The orc wizard closely misses you. You furiously retaliate!
You headbutt the orc wizard.
It was a potion of magic.
Magic courses through your body. The orc hits you with a club.
* * * LOW HITPOINT WARNING * * *
The orc wizard points at you and mumbles some strange words.
The magic dart hits you!
You die...

...# )### ##
)# .# )# #.#.#
.# #(#.# †#
#.#.# .#####
##.#.# .....#
#######....###
####.#
#....o@.o....#
#.#
#.#####o...#.#
#.# #.# ##o#.#
##.## #.#
#o#.#
##...#####.#
#(#.# #
#..........#
##(#.#.####
##...#####.#
#.(..o.oo..
##.## #.#
#.......#. ###
..#
#.####.#.o.


You could see an orc priest, 2 orc wizards and 2 orcs.

Vanquished Creatures
  Menkaure (D:5)
  Edmund (D:5)
  A centaur (D:4)
  5 big kobolds (D:4)
  A scorpion (D:4)
  2 howler monkeys
  A hound (D:5)
  2 orc priests (D:4)
  Natasha (thrice) (D:3)
  An iguana (D:4)
  5 orc wizards
  4 worker ants
  12 gnolls
  5 adders
  An ooze (D:3)
  A worm (D:3)
  A dart slug (D:4)
  4 leopard geckos
  15 orcs
  5 giant cockroaches
  22 goblins
  20 hobgoblins
  6 jackals
  3 quokkas
  5 ball pythons
  10 bats
  5 frilled lizards
  5 kobolds
  A leopard gecko zombie (D:5)
  A quokka skeleton (D:3)
  6 rats
155 creatures vanquished.

Vanquished Creatures (others)
  2 fungi (D:4)
2 creatures vanquished.

Grand Total: 157 creatures vanquished

Notes
Turn   | Place    | Note
-------+----------+-------------------------------------------
     0 | D:1      | mopl the Minotaur Hunter began the quest for the Orb.
     0 | D:1      | Reached XP level 1. HP: 18/18 MP: 0/0
   428 | D:1      | Reached XP level 2. HP: 25/25 MP: 1/1
   684 | D:1      | Reached skill level 5 in Crossbows
  1321 | D:2      | Reached XP level 3. HP: 13/30 MP: 2/2
  1559 | D:2      | Found a hazy altar of Hepliaklqana.
  2158 | D:3      | Reached skill level 6 in Crossbows
  2371 | D:3      | Reached XP level 4. HP: 37/37 MP: 3/3
  2373 | D:3      | Found a shattered altar of Ashenzari.
  2470 | D:3      | Found a sacrificial altar of Ru.
  2645 | D:3      | Noticed Natasha
  2655 | D:3      | Killed Natasha
  2824 | D:3      | Reached skill level 3 in Fighting
  2956 | D:3      | Found a faded altar of an unknown god.
  3077 | D:3      | Noticed Natasha
  3089 | D:3      | Killed Natasha
  3089 | D:3      | Reached XP level 5. HP: 27/45 MP: 4/4
  3260 | D:3      | Noticed Natasha
  3265 | D:3      | Killed Natasha
  3508 | D:4      | Found a stormy altar of Qazlal.
  3535 | D:4      | Reached skill level 7 in Crossbows
  3538 | D:4      | Found a blossoming altar of Fedhas.
  4020 | D:4      | Reached XP level 6. HP: 42/52 MP: 5/5
  4078 | D:4      | Reached skill level 4 in Fighting
  4948 | D:4      | Reached skill level 8 in Crossbows
  5393 | D:4      | Reached XP level 7. HP: 57/60 MP: 6/6
  5421 | D:4      | Reached skill level 5 in Fighting
  5796 | D:4      | Reached skill level 9 in Crossbows
  6058 | D:4      | Reached skill level 6 in Fighting
  6227 | D:4      | Reached XP level 8. HP: 50/70 MP: 7/7
  6703 | D:5      | Entered Level 5 of the Dungeon
  6717 | D:5      | Found an opulent altar of Gozag.
  6761 | D:5      | Reached skill level 10 in Crossbows
  6788 | D:5      | Noticed Menkaure
  6792 | D:5      | Killed Menkaure
  6919 | D:5      | Noticed Edmund
  6928 | D:5      | Killed Edmund
  6928 | D:5      | Reached skill level 7 in Fighting
  7161 | D:5      | Killed from afar by an orc wizard

Vault maps used:
D:1:      kennysheep_arrival_forest, minmay_misc_feat_pillars
D:2:      nicolae_overflow_crystal_walls, first_bread, bh_chokoban
D:3:      overflow_temple_1_default, old_standard_altar,
          chequers_ecumenical_altar_simple_redux, uniq_natasha
D:4:      minmay_goblin_kobold_castle, grunt_temple_overflow_forces_of_nature
D:5:      grunt_gozag_breadcrumbs, uniq_menkaure, uniq_edmund, uniq_pikel

Skill      XL: |  1  2  3  4  5  6  7  8 |
---------------+-------------------------+-----
Crossbows      | 5 6 7 8 9 10 | 10.7
Fighting       | 3 4 6 7 |  7.2
Dodging        | |  2.1
Stealth        | |  0.7

Action                   |  1- 3 |  4- 6 |  7- 9 || total
-------------------------+-------+-------+-------++-------
 Fire: Hand crossbow     |    36 |    17 |    76 ||   129
       Hunting sling     |    74 |   246 |   103 ||   423
       Shortbow          |       |       |    20 ||    20
  Use: Potion            |       |     2 |     2 ||     4
       Scroll            |       |       |     2 ||     2
  Eat: Chunk             |     4 |     9 |     6 ||    19
Armor: Leather armour    |    19 |    20 |    24 ||    63
Dodge: Dodged            |    44 |    76 |    83 ||   203
